 Dungeon Crawl Stone Soup version 0.28-a0-313-gbc0475efdd (webtiles) character file.

Game seed: 12538912516902031518

37 bande the Shield-Bearer (level 3, -7/24 HPs)
             Began as a Gargoyle Fighter on Sept 1, 2021.
             Splashed by a jelly's acid (8 damage)
             ... on level 2 of the Dungeon.
             The game lasted 00:02:00 (1409 turns).

bande the Shield-Bearer (Gargoyle Fighter)          Turns: 1409, Time: 00:02:00

Health: -7/24      AC: 10    Str: 19    XL:     3   Next: 39%
Magic:  3/3        EV:  7    Int:  8    God:
Gold:   46         SH:  8    Dex: 10    Spells: 2/2 levels left

rFire   . . .      SeeInvis .   a - +0 war axe
rCold   . . .      Faith    .   c - +0 kite shield
rNeg    + . .      Spirit   .   b - +0 scale mail
rPois   ∞          Reflect  .   (no helmet)
rElec   +          Harm     .   (no cloak)
rCorr   .          Rampage  .   (no gloves)
Will    .....                   (no boots)
Stlth   ..........              (no amulet)
HPRegen 0.08/turn               (no ring)
MPRegen 0.08/turn               (no ring)

@: no status effects
A: sickness immunity, AC +3, negative energy resistance 1, electricity
resistance, torment resistance 1, petrification resistance
a: no special abilities


You were on level 2 of the Dungeon.
You visited 1 branch of the dungeon, and saw 2 of its levels.

You collected 46 gold pieces.

Inventory:

Hand Weapons
 a - a +0 war axe (weapon)
Armour
 b - a +0 scale mail (worn)
 c - a +0 kite shield (worn)
Potions
 d - a potion of might
 e - a potion of brilliance {unknown}
 h - a potion of curing {unknown}
 i - a potion of resistance {unknown}


   Skills:
 + Level 3.6 Fighting
 + Level 2.1 Axes
 + Level 3.5 Armour
 - Level 0.2 Dodging
 + Level 3.9 Shields


You had 2 spell levels left.
You didn't know any spells.
Your spell library was empty.

Dungeon Overview and Level Annotations

Branches:
Dungeon (2/15)

Altars:


Innate Abilities, Weirdness & Mutations

You are immune to sickness and miasma.
Your stone body is resilient. (AC +3)
You are immune to poison.
You resist negative energy. (rN+)
You are resistant to electric shocks. (rElec)
You are resistant to unholy torment.
You are immune to petrification.


Message History

You slash the bat!
You kill the bat!
You start resting.
A ball python comes into view.
The ball python hisses angrily.
You hit the ball python.
You kill the ball python!
No target in view!
No target in view!
No target in view!
No target in view!
No target in view!
No target in view!
HP restored.
There is a stone staircase leading up here.
You now have 46 gold pieces (gained 11).
Things that are here:
a +0 whip; a hobgoblin skeleton A jelly comes into view.
Found a book of Touch.
You block the jelly's attack.
There is a stone staircase leading down here.
You hit the jelly. The acid corrodes you!
Your hands burn!
The jelly is moderately wounded.
The jelly hits you but does no damage. The jelly barely misses you.
You slash the jelly!
Your hands burn!
The jelly is severely wounded.
You block the jelly's attack. The jelly hits you but does no damage.
You hit the jelly.
Your hands burn!
The jelly is almost dead.
The jelly hits you.
You are splashed with acid!
* * * LOW HITPOINT WARNING * * *
You are too injured to fight recklessly!
You are too injured to fight recklessly!
Unknown command.
You are no longer corroded.
The jelly hits you.
* * * LOW HITPOINT WARNING * * *
You are splashed with acid!
You die...

...........(.....
##..##........#.########
#...#........##..#.....#
...#.....).....# #.....#
.###........#.####.....###
.........####...÷#.....#.#
........####<.##÷........#
#.............#..#.....#.##
#.....#####†...J@......#..#
...... #.......#####.#..##
......#...........# #.....#
........##.#......# ##....#
..#.... ...#......# #....#
#.#. . ..########## ######
..# ..


You could see a jelly.

Vanquished Creatures
  An adder (D:2)
  5 ball pythons
  5 bats
  An endoplasm (D:1)
  2 giant cockroaches (D:1)
  2 goblins (D:1)
  A hobgoblin (D:2)
  4 kobolds
  A quokka (D:2)
  3 frilled lizards
  2 rats (D:1)
27 creatures vanquished.

Notes
Turn   | Place    | Note
-------+----------+-------------------------------------------
     0 | D:1      | bande the Gargoyle Fighter began the quest for the Orb.
     0 | D:1      | Reached XP level 1. HP: 14/14 MP: 1/1
   188 | D:1      | Found a faded altar of an unknown god.
   193 | D:1      | Reached XP level 2. HP: 19/19 MP: 2/2
  1107 | D:2      | Reached XP level 3. HP: 22/23 MP: 3/3
  1392 | D:2      | HP: 1/24 [acid (11)]
  1409 | D:2      | HP: 1/24 [jelly (1)]
  1409 | D:2      | Splashed by a jelly's acid

Illustrated notes

Levels and vault maps discovered:
D:1:      minmay_arrival_stair_chambers, layout_loops_ring,
          ebering_ecumenical_altar_sacrificial, kennysheep_boxes
D:2:      layout_rooms, minmay_crystal_room, small_statue_intersection

Skill      XL: |  1  2  3 |
---------------+----------+-----
Axes           | 2 |  2.1
Fighting       | |  3.6
Armour         | |  3.5
Dodging        | |  0.2
Shields        | |  3.9

Action                   || total
-------------------------++-------
Melee: War axe           ||   109
  Use: Scroll            ||     2
Armor: Scale mail        ||   104
Dodge: Dodged            ||    52
Block: Kite shield       ||    69

Table legend: (Time is in decaauts)
 A = Elapsed time spent in this place.
 B = Non-inter-level travel time spent in this place.
 C = Inter-level travel time spent in this place.
 D = Time resting spent in this place.
 E = Time spent auto-exploring this place.
 F = Levels seen in this place.
 G = Mean time per level.
                   A        B        C        D        E       F      G
               +--------+--------+--------+--------+--------+-----+--------+
         Total |   1477 |   1477 |      0 |    360 |    786 |   2 |  738.5 |
       Dungeon |   1477 |   1477 |      0 |    360 |    786 |   2 |  738.5 |
               +--------+--------+--------+--------+--------+-----+--------+

Top non-repeatable levels by time:
     D:1: 1101 daAuts
     D:2: 376 daAuts
